 Dungeon Crawl Stone Soup version 0.27.0-1-g7a089689b8 (webtiles) character file.

Game seed: 6809841329381783634

55 sanka the Caller (level 3, -6/34 HPs)
             Began as a Naga Summoner on Aug 9, 2021.
             Was a Follower of Vehumet.
             Mangled by a gnoll (12 damage)
             ... on level 2 of the Dungeon.
             The game lasted 00:03:15 (2344 turns).

sanka the Caller (Naga Summoner)                    Turns: 2344, Time: 00:03:16

Health: -6/34      AC:  2    Str: 10    XL:     3   Next: 93%
Magic:  2/6        EV:  9    Int: 16    God:    Vehumet [*.....]
Gold:   53         SH:  0    Dex: 11    Spells: 3/6 levels left

rFire    . . .     SeeInvis +   (no weapon)
rCold    . . .     Faith    .   (no shield)
rNeg     . . .     Spirit   .   a - +0 robe
rPois    +         Reflect  .   (no helmet)
rElec    .         Harm     .   (no cloak)
rCorr    .         Rampage  .   (no gloves)
Will     .....                  (no barding)
Stlth    ++........             (no amulet)
HPRegen  0.11/turn              (no ring)
MPRegen  0.10/turn              (no ring)

@: very slow
A: AC +1, large, see invisible, deformed body, poison resistance, slowness 2,
spit poison 1, naga tail 1
a: Spit Poison, Renounce Religion


You were on level 2 of the Dungeon.
You worshipped Vehumet.
Vehumet was aware of your devotion.
You visited 1 branch of the dungeon, and saw 3 of its levels.

You collected 53 gold pieces.


Innate Abilities, Weirdness & Mutations

Your serpentine skin is tough. (AC +1)
You have supernaturally acute eyesight. (SInv)
Armour fits poorly on your strangely shaped body.
Your system is resistant to poisons. (rPois)
You cover ground very slowly.
You can spit poison.
You have a snake-like lower body.


   Skills:
 + Level 3.4 Fighting
 - Level 1.5 Dodging
 - Level 3.0 Stealth
 - Level 2.0 Spellcasting
 - Level 4.0 Summonings


You had 3 spell levels left.
You knew the following spells:

 Your Spells              Type           Power      Damage    Failure   Level
x - Call Imp              Summ           14%        N/A       6%          2
z - Summon Small Mammal   Summ           56%        N/A       4%          1

Your spell library contained the following spells:

 Spells                   Type           Power      Damage    Failure   Level
 Foxfire                  Conj/Fire      4%         2x1d4     21%         1
 Call Canine Familiar     Summ           14%        N/A       12%         3
 Summon Guardian Golem    Hex/Summ       8%         N/A       26%         3
 Summon Lightning Spire   Summ/Air       8%         N/A       65%         4

Inventory:

Armour
 a - a +0 robe (worn)
Scrolls
 b - 2 scrolls of identify {unknown}
Potions
 c - a potion of brilliance {unknown}
 d - 2 potions of heal wounds {unknown}
 e - 2 potions of mutation {unknown}
 f - a potion of degeneration {unknown}
 g - a potion of haste {unknown}

Dungeon Overview and Level Annotations

Branches:
Dungeon (3/15)

Altars:
Vehumet

▒.▒...▒........▒..▒.▒...▒
▒.▒.▒▒▒........▒..▒.▒...▒
▒............▒.▒..▒.▒...▒
▒'▒▒▒▒▒▒▒....▒....▒.▒....
........▒....▒....▒.▒
....▒▒▒.▒....▒....▒.▒
....▒▒▒.▒... ▒..5.▒.▒
........▒▒▒▒▒▒.▒..▒.▒
..†....<.......▒N.▒.▒
▒+▒....▒▒▒▒▒...▒g.▒.▒
▒.▒........+...5....▒
).......(.▒▒...▒▒...▒
▒▒........+........>▒
▒▒........▒▒▒▒▒▒▒▒▒▒▒
▒▒▒▒▒+▒.... ... .... ...
...


You could see a gnoll (ally target), a friendly crimson imp (summoned) and a
friendly white imp (summoned).


Message History

Your crimson imp hits the gnoll.
The gnoll hits your crimson imp but does no damage.
Your crimson imp closely misses the gnoll.
The gnoll hits your crimson imp with a +0 flail!
Your crimson imp dies!
Use which ability? (? or * to list)
Aim: a gnoll, wielding a +0 flail (heavily wounded)
The splash of poison misses the gnoll.
There is a stone staircase leading down here.
You climb downwards.
Found a scroll labelled CEPHENANOTT.
Found a stone staircase leading down.
There is a stone staircase leading up here.
You start resting.
You have got your breath back.
Magic restored.
A jackal comes into view.
You climb upwards.
The gnoll hits you with a +0 flail!
* * * LOW HITPOINT WARNING * * *
The gnoll hits you with a +0 flail!
* * * LOW HITPOINT WARNING * * *
There is a stone staircase leading down, spattered with blood here.
A beastly little devil appears in a puff of flame.
The gnoll closely misses you. The gnoll closely misses you.
The gnoll hits your crimson imp with a +0 flail!
A beastly little devil appears in a puff of frigid air.
The gnoll hits you with a +0 flail!
You die...

Action                   || total
-------------------------++-------
Melee: Unarmed           ||    14
 Cast: Summon Small Mamm ||     9
       Call Imp          ||    10
 Abil: Spit Poison       ||    21
Armor: Robe              ||     3
Dodge: Dodged            ||    19

Levels and vault maps discovered:
D:1:      tarquinn_simple_flora_water_b, layout_basic,
          dreamdust_ecumenical_altar_angels_and_demons, serial_co_window_serial,
          co_window_paths_b, co_window_corner_a, co_window_paths_a,
          co_window_corner_a, co_window_paths_a, co_window_of_opportunity_a,
          co_window_paths_a, co_window_of_opportunity_b, co_window_2corner,
          co_window_unsneaky_path_c, co_window_broadway_a, co_window_4corner_a,
          glass_columns_a, glass_columns_a, glass_columns_b, glass_columns_b
D:2:      layout_basic, serial_bayou_pond_c, kennysheep_generic_room_4
D:3:      layout_loops_cross, mainiacjoe_overflow_surrounded_room

Notes
Turn   | Place    | Note
-------+----------+-------------------------------------------
     0 | D:1      | sanka the Naga Summoner began the quest for the Orb.
     0 | D:1      | Reached XP level 1. HP: 15/15 MP: 3/3
   371 | D:1      | Reached skill level 1 in Fighting
   705 | D:1      | Reached XP level 2. HP: 21/25 MP: 1/5
   751 | D:1      | Learned a level 2 spell: Call Imp
   968 | D:1      | Found a faded altar of an unknown god.
  1104 | D:1      | Became a worshipper of Vehumet
  1104 | D:1      | Reached * piety under Vehumet
  1104 | D:1      | Offered knowledge of Foxfire by Vehumet.
  1298 | D:1      | Reached skill level 2 in Fighting
  1821 | D:2      | Reached XP level 3. HP: 32/33 MP: 1/6
  1901 | D:2      | Reached skill level 3 in Fighting
  2124 | D:2      | HP: 3/34 [gnoll (9)]
  2344 | D:2      | Mangled by a gnoll

Vanquished Creatures
  A gnoll (D:2)
  An adder (D:2)
  A giant cockroach (D:2)
  2 hobgoblins (D:1)
  2 quokkas (D:1)
  2 ball pythons (D:1)
  A frilled lizard (D:1)
  2 kobolds (D:2)
  2 rats (D:1)
14 creatures vanquished.

Vanquished Creatures (collateral kills)
  A gnoll (D:2)
  2 adders (D:2)
  An endoplasm (D:1)
  A goblin (D:1)
  A hobgoblin (D:1)
  A quokka (D:1)
  A bat (D:2)
8 creatures vanquished.

Vanquished Creatures (others)
  2 plants (D:2)
2 creatures vanquished.

Grand Total: 24 creatures vanquished
